Description

HeroMarine TvZ guide for 2026.

VOD

https://www.youtube.com/watch?v=NeZCP929HWo

Replay - TvZ Hellion Banshee 2026 Version

Build Order

Get SALT Encoding   

  12  0:00  SCV  
  13  0:12  SCV  
  14  0:16  Supply Depot  
  14  0:24  SCV  
  15  0:38  SCV  
  15  0:39  Barracks  
  16  0:43  Refinery  
  16  0:50  SCV  
  17  1:02  SCV  
  18  1:14  SCV  
  19  1:27  Orbital Command, Reaper  
  20  1:38  Command Center  
  20  1:46  Supply Depot  
  20  1:52  SCV  
  21  1:58  Marine  
  22  2:04  SCV  
  23  2:10  Factory  
  23  2:17  SCV  
  24  2:23  Barracks Reactor  
  25  2:37  Command Center  
  26  2:50  Orbital Command  
  26  2:58  Starport  
  28  3:06  Refinery  
  28  3:09  Hellion x2  
  32  3:15  Barracks Tech Lab  
  36  3:34  Hellion x2  
  36  3:41  Banshee  
  45  3:49  Orbital Command  
  46  3:56  Hellion x2  
  46  3:58  Cloaking Field  
  51  4:07  Barracks Tech Lab  
  51  4:08  Supply Depot  
  54  4:21  Barracks x2  
  56  4:27  Banshee  
  56  4:29  Factory Reactor  
  59  4:33  Orbital Command  
  59  4:34  Marine  
  59  4:35  Supply Depot  
  62  4:45  Refinery x2  
  64  4:47  Stimpack  
  64  4:52  Marine  
  65  4:53  Engineering Bay x2  
  68  5:12  Supply Depot  
  71  5:14  Barracks x2  
  72  5:26  Terran Infantry Armor Level 1, Terran Infantry Weapons Level 1  
  74  5:32  Starport Reactor  
  76  5:35  Siege Tank  
  80  5:45  Marine x2  
  85  5:59  Marine x2  
  85  6:02  Barracks Reactor x2  
  90  6:07  Marine x3  
  90  6:09  Medivac x2  
  97  6:16  Siege Tank  
  106  6:30  Combat Shield  
  111  6:34  Refinery x2  
  113  6:40  Factory  
  113  6:41  Armory  
  122  6:58  Command Center  
  128  7:05  Medivac  
  133  7:13  Medivac, Siege Tank  
  138  7:20  Marauder  
  141  7:29  Factory Reactor, Drilling Claws  
  141  7:30  Terran Infantry Weapons Level 2  
  141  7:33  Terran Infantry Armor Level 2  
  153  7:45  Widow Mine  
  153  7:49  Barracks x3  
  158  7:53  Concussive Shells  
  158  7:54  Medivac x2  
  162  7:58  Terran Vehicle Weapons Level 1  
  162  8:02  Marauder  
  151  8:22  Siege Tank, Widow Mine x2  
  159  8:30  Marauder  
  171  8:34  Medivac x2  
  176  8:44  Widow Mine x2  
  158  8:56  Widow Mine  
  158  9:00  Marauder, Barracks Tech Lab x3  
  164  9:04  Medivac x2  
  164  9:05  Widow Mine  
  164  9:07  Planetary Fortress  
  173  9:21  Marauder  
  178  9:33  Sensor Tower  
  178  9:34  Missile Turret  
  180  9:46  Command Center x2  
  180  9:47  Missile Turret  
  180  9:49  Sensor Tower  
  180  9:51  Factory  
  180  9:52  Refinery x2  
  180  10:01  Terran Infantry Weapons Level 3  
  180  10:04  Terran Infantry Armor Level 3  
  180  10:06  Command Center  
  180  10:13  Terran Vehicle And Ship Armor Level 1  
  180  10:22  Liberator x2, Marauder  
  188  10:30  Siege Tank  
  188  10:31  Widow Mine x2  
  188  10:34  Missile Turret x2  
  195  10:42  Command Center x2  
  195  10:47  Factory Tech Lab  
  194  10:50  Command Center  
  193  10:58  Orbital Command  
  193  11:02  Command Center  
  193  11:05  Siege Tank  
  169  11:20  Marauder x2  
  158  11:31  Marauder x2  
  154  11:36  Factory Tech Lab  
  156  11:41  Planetary Fortress  
  160  11:48  Siege Tank  
  156  11:56  Siege Tank  
  156  11:58  Widow Mine  
  161  12:02  Missile Turret  
  161  12:05  Orbital Command x2  
  161  12:12  Liberator  
  168  12:20  Siege Tank  
  173  12:24  Planetary Fortress  
  173  12:27  Orbital Command x2  
  173  12:28  Siege Tank  
  178  12:42  Fusion Core  
  166  13:06  Refinery x2  
  170  13:15  Armory  
  170  13:22  Caduceus Reactor  
  170  13:24  Sensor Tower  
  170  13:25  Missile Turret  
  173  13:31  Ghost Academy  
  184  13:40  Sensor Tower  
  184  13:41  Missile Turret  
  198  14:10  Missile Turret x2  
Spawning Tool Build Advisor. Get it on Overwolf

Analysis

TvZ Hellion Banshee Guide ALL THE NOTES from the Video:

  1. Basic Reaper Fast Expand
  2. Worker Scout after Barracks is done or Reaper Scout with 1 or 2 Marines vs Hatch First or Pool First Aggression
  3. Go for 1 Gas 3 CC Factory + Reactor into 2 Gas + 1 Starport (Tech Lab Barracks)
  4. Reaper scouts for Third Base + goes back around 3:20
  5. 2 Hellion + Reaper Moveout + Scouting (Slight Delay to be safe vs Ling Floods)
  6. 6 Hellions in total + Banshee & Cloak, add 2 Barracks + Factory for Reactor + Tech Lab Barracks, don’t forget to start Supply Depot Wall in your Natural + 2nd Banshee
  7. Add 2 Gas, 2 Ebays (in the wall), fly over your third, get Stim & Combat Shields, 2 additional Barracks + Tech Lab Swap between Factory & Staport and make Reactor with Starport (Don’t forget constant SCV + Depot Production, 1-1 Upgrades)
  8. Get Scouting & harrass with 2 Banshees, Hellions defend vs runbys, start your constant Tank + Marine + Medivac Production
  9. Marines + Medivac Drops for additional Scouting & Damage, Tanks, Hellions, Banshees can defend runbys
  10. Last Step in the Build: When 1-1 is ~2/3 done get Armory + 2nd Factory, don’t forget gas in your 3rd, take a fourth, go up to 8 Rax (4 Reactor, 4 Tech Lab)
  11. Don’t forget these: 2-2, 2nd Factory Widow Mine Production + Drilling Claws, Sensor Tower in 3rd/4th, Concussive Shells. SCV count on 3 base around 70, on 4+ base around 80, Gas 4th
  12. From here it’s freestyle: Build additional CCs, get another Factory for more Tanks, get more Upgrades (3-3, Building Armor, Fusion Core, 2nd Armory, add Ghosts etc.)

Go to:

Details

  • Created by: amentini
  • Published on: May 29, 2026
  • Modified on: May 29, 2026
  • Patch: 5.0.11
  • Difficulty: Hard
Show
View Real Time Build Order
Export as new Build Order

Comments (0)

There are no comments. Be the first!

Create an account to comment!